 Dungeon Crawl Stone Soup version 0.29-a0-82-g837932c90e (webtiles) character file.

Game seed: 16841184459632634655

19887 HallandMoats the Transcendent (level 12, 0/76 (90) HPs)
             Began as a Demonspawn Fighter on Feb 5, 2022.
             Was a High Priest of Ru.
             Killed from afar by an electric eel (6 damage)
             ... with a bolt of electricity
             ... on level 12 of the Dungeon.
             The game lasted 00:32:49 (19832 turns).

HallandMoats the Transcendent (Demonspawn Fighter) Turns: 19832, Time: 00:32:49

HP:   0/76 (90)     AC: 15    Str: 23    XL:     12   Next: 40%
MP:   21/21         EV: 10    Int: 10    God:    Ru [*****.]
Gold: 1640          SH:  8    Dex: 15    Spells: 11/11 levels left

rFire   . . .      SeeInvis .   b - +0 spear (venom)
rCold   + . .      Faith    .   p - +2 buckler
rNeg    . . .      Spirit   .   L - +1 chain mail of Starshine {rC+ Str+4 Stlth-}
rPois   +          Reflect  .   r - +1 hat
rElec   .          Harm     .   (no cloak)
rCorr   .          Rampage  .   B - +0 pair of gloves
Will    .....                   (no boots)
Stlth   ..........              (no amulet)
HPRegen 0.22/turn               y - ring of poison resistance
MPRegen 0.17/turn               F - ring of flight

@: flying, studying Fighting, heavily drained, unable to read
A: horns 2, icy blue scales 1, powered by pain 1, no stealth, inability to use
devices, no ice magic, no translocations magic, no transmutations magic,
disrupted magic 1, demonic magic 2, frail 1, poison resistance, inability to
read while threatened
a: Renounce Religion, Sacrifice Resistance, Sacrifice an Eye, Sacrifice Courage,
Reject Sacrifices, Draw Out Power, Power Leap, Apocalypse


You were on level 12 of the Dungeon.
You worshipped Ru.
Ru was extremely pleased with you.
You visited 1 branch of the dungeon, and saw 12 of its levels.
You also visited: Ossuary.

You collected 1640 gold pieces.

Inventory:

Hand Weapons
 a - the +4 long sword of the Hungering Bear {vorpal, Dex+4}
   (You found it on level 4 of the Dungeon)

   It inflicts extra damage upon your enemies.
   Dex:       It affects your dexterity (+4).
 b - a +0 spear of venom (weapon)
 h - a +0 war axe
Missiles
 A - 2 throwing nets (quivered)
Armour
 e - +0 ice dragon scales
 p - a +2 buckler (worn)
 r - a +1 hat (worn)
 B - a +0 pair of gloves (worn)
 J - +0 acid dragon scales
 L - the +1 chain mail of Starshine (worn) {rC+ Str+4 Stlth-}
   (You found it on level 11 of the Dungeon)

   Str:       It affects your strength (+4).
   rC:        It protects you from cold.
   Stlth:     It makes you less stealthy.
Jewellery
 l - a ring of fire
 y - a ring of poison resistance (left hand)
 C - a ring of ice
 F - a ring of flight (right hand)
Wands
 E - a wand of paralysis (3)
Scrolls
 c - 6 scrolls of teleportation
 f - 3 scrolls of enchant armour
 n - a scroll of brand weapon
 q - 4 scrolls of fear
 u - 2 scrolls of magic mapping
 w - 4 scrolls of fog
 z - a scroll of enchant weapon {unknown}
 G - a scroll of holy word {unknown}
 H - a scroll of blinking
 I - a scroll of amnesia {unknown}
Potions
 d - 2 potions of might
 j - 3 potions of lignification
 k - 2 potions of flight {unknown}
 s - 3 potions of magic {unknown}
 t - 3 potions of attraction {unknown}
 v - 3 potions of curing {unknown}
 x - a potion of ambrosia {unknown}
 D - a potion of brilliance {unknown}


   Skills:
 * Level 11.7 Fighting
 * Level 1.3 Long Blades
 - Level 9.1 Axes
 - Level 0.3(5.6) Polearms
 + Level 6.9 Armour
 + Level 6.3 Dodging
 + Level 7.0 Shields
 * Level 12.6 Invocations


You had 11 spell levels left.
You didn't know any spells.
Your spell library contained the following spells:

 Spells                   Type           Power      Damage    Failure   Level
 Animate Skeleton         Necr           0%         N/A       98%         1
 Summon Small Mammal      Summ           0%         N/A       98%         1
 Inner Flame              Hex/Fire       0%         N/A       100%        3
 Summon Guardian Golem    Hex/Summ       0%         N/A       100%        3
 Tukima's Dance           Hex            0%         N/A       100%        3
 Cause Fear               Hex            0%         N/A       100%        4
 Orb of Destruction       Conj           0%         9d5       100%        7
 Spellforged Servitor     Conj/Summ      0%         N/A       100%        7
 Discord                  Hex            0%         N/A       100%        8
 Apportation              Tloc           Unusable   N/A       N/A         1
 Passage of Golubria      Tloc           Unusable   N/A       N/A         4
 Yara's Violent Unravell  Hex/Tmut       Unusable   3d3       N/A         5

Dungeon Overview and Level Annotations

Branches:
Dungeon (12/15)            Temple (0/1) D:6            Lair (0/6) D:10
    Orc (0/2) D:9         Ossuary (visited)

Altars:
Hepliaklqana
Kikubaaqudgha
Ru
Xom

Shops:
D:2 *

Annotations:
D:9 1 runed translucent door, siradein's ghost, journeyman DrBe


Innate Abilities, Weirdness & Mutations

You have a pair of horns on your head.
You are partially covered in icy blue scales. (AC +2)
You sometimes gain a little power by taking damage.
You cannot be stealthy.
You cannot study or use magical devices.
You cannot study or cast Ice magic.
You cannot study or cast Translocations magic.
You cannot study or cast Transmutations magic.
Your casting is slightly disrupted.
Spells you cast may paralyse nearby enemies.
You are frail. (-10% HP)
Your system is resistant to poisons. (rPois)
You sometimes lose the ability to read scrolls when taking damage.


Message History

The electric eel begins to attack, but is stunned by your conviction!
Unknown command.
You reach to attack!
You miss the electric eel.
The electric eel is heavily wounded.
The electric eel shoots out a bolt of lightning at you!
The bolt of electricity hits you!
You feel threatened and lose the ability to read scrolls!
The electric eel shoots out a bolt of lightning at you!
The bolt of electricity hits you.
An electric eel comes into view.
Unknown command.
You are too injured to fight recklessly!
Unknown command.
You are too injured to fight recklessly!
You are too injured to fight recklessly!
You are too injured to fight recklessly!
The electric eel begins to attack, but is stunned by your conviction!
The electric eel shoots out a bolt of lightning at you!
The bolt of electricity hits you!
* * * LOW HITPOINT WARNING * * *
The electric eel shoots out a bolt of lightning at you!
The bolt of electricity hits you!
* * * LOW HITPOINT WARNING * * *
The electric eel shoots out a bolt of lightning at you!
The bolt of electricity hits the electric eel.
The electric eel completely resists.
The bolt of electricity hits you but does no damage.
You redirect the electric eel's attack!
You hear a splash.
You feel a bit more experienced.
You redirect the electric eel's attack!
The electric eel shoots out a bolt of lightning at itself!
The bolt of electricity hits the electric eel.
The electric eel completely resists.
The electric eel shoots out a bolt of lightning at you!
The bolt of electricity hits you!
* * * LOW HITPOINT WARNING * * *
The electric eel shoots out a bolt of lightning at you!
The bolt of electricity hits you.
You die...

♣≈.≈♣ ♣≈....##
.≈♣♣♣≈≈≈♣♣♣≈≈.....
.≈≈≈≈≈.≈≈≈S≈≈..#
#########
...≈≈≈≈≈.≈.≈...#
#........
###.........#..#
#.######.
..........#.#..#
#......#.
.....######....##
###..#.#. .....
#....#.. #....#. .....
#..@.#...# #....#.
####
#.#..#...#####..#.#.
#.#..#.......#......
#.#.>#.......#.#..##
#.#..#....)..###..#
####'#..##......'....#
........÷.......####.#
................# #.#
..^.........########.#


You could see an electric eel.

Vanquished Creatures
  Josephine (D:11)
  Fannar (D:10)
  3 two-headed ogres
  3 death yaks
  Urug (D:11)
  An ugly thing (D:9)
  Joseph (D:6)
  A gargoyle (D:11)
  3 kobold demonologists
  Grinder (D:3)
  A hornet (D:7)
  4 slime creatures (D:12)
  3 shadows
  2 wyverns
  13 yaks
  4 wraiths (D:11)
  6 vampire mosquitoes
  Menkaure (D:4)
  3 acid dragons
  3 wargs (D:7)
  A water moccasin (D:9)
  A black bear (D:5)
  2 ice beasts
  7 orc warriors
  3 sky beasts
  7 ogres
  A necrophage (D:6)
  4 centaurs
  A phantom (D:9)
  Blork the orc (D:6)
  3 bullfrogs
  5 kobold brigands
  2 scorpions (D:5)
  A gnoll sergeant (D:8)
  A wyvern skeleton (D:6)
  A water moccasin skeleton (D:6)
  5 troll zombies (D:9)
  15 killer bees
  8 wights
  An electric eel (D:12)
  9 howler monkeys
  3 centaur zombies
  3 gnoll shamans
  A jelly (D:4)
  6 orc priests
  3 centaur skeletons (D:6)
  10 hounds
  A bullfrog skeleton (D:4)
  A human zombie (Ossuary)
  3 iguanas
  4 orc wizards
  Natasha (D:3)
  2 hell rats (D:10)
  2 killer bee zombies
  3 ogre zombies (D:9)
  A hound skeleton (D:4)
  A hound zombie (D:5)
  3 mummies (Ossuary)
  Robin (D:3)
  2 howler monkey zombies
  A howler monkey skeleton (D:4)
  15 gnolls
  8 adders
  3 river rats (D:10)
  2 shadow imps (D:7)
  A white imp (D:7)
  4 adder skeletons
  3 worms
  3 dart slugs (D:2)
  24 orcs
  7 endoplasms
  A giant cockroach (D:4)
  13 goblins
  18 hobgoblins
  8 jackals (D:2)
  5 quokkas
  4 ball pythons
  6 bats
  5 frilled lizards
  2 gnoll zombies (Ossuary)
  3 goblin skeletons (D:9)
  4 goblin zombies
  A hobgoblin zombie (D:9)
  14 kobolds
  2 kobold zombies (Ossuary)
  3 orc skeletons (D:9)
  16 orc zombies
  6 rats
  2 bushes (D:2)
370 creatures vanquished.

Vanquished Creatures (collateral kills)
  A gnoll sergeant (D:10)
  3 gnolls (D:10)
4 creatures vanquished.

Vanquished Creatures (others)
  An ogre (D:7)
  A wight (D:7)
  A frilled lizard (D:3)
  An orc skeleton (D:9)
  A fungus (D:7)
  4 plants (D:2)
  5 toadstools (D:7)
14 creatures vanquished.

Grand Total: 388 creatures vanquished

Notes
Turn   | Place    | Note
-------+----------+-------------------------------------------
     0 | D:1      | HallandMoats the Demonspawn Fighter began the quest for the
                  | Orb.
     0 | D:1      | Reached XP level 1. HP: 18/18 MP: 1/1
   192 | D:1      | Gained mutation: Spells you cast may paralyse adjacent
                  | enemies. [demonic ancestry]
   192 | D:1      | Reached XP level 2. HP: 24/24 MP: 2/2
   192 | D:1      | Found a faded altar of an unknown god.
   199 | D:1      | Reached skill level 1 in Invocations
   220 | D:1      | Prayed at the altar of an unknown god.
   220 | D:1      | Became a worshipper of Ru the Awakened
   230 | D:1      | Gained mutation: You cannot study or cast Ice magic. [Ru
                  | sacrifice]
   230 | D:1      | Gained mutation: You cannot study or cast Transmutations
                  | magic. [Ru sacrifice]
   230 | D:1      | Gained mutation: You cannot study or cast Translocations
                  | magic. [Ru sacrifice]
   230 | D:1      | Reached * piety under Ru
   981 | D:2      | Gained mutation: You have a pair of small horns on your
                  | head. [demonic ancestry]
   981 | D:2      | Reached XP level 3. HP: 29/29 MP: 4/4
  1430 | D:2      | Reached skill level 2 in Invocations
  1430 | D:2      | Reached XP level 4. HP: 17/35 MP: 5/5
  1606 | D:2      | Found Cat Zam's General Store.
  2411 | D:3      | Noticed Robin
  2446 | D:3      | Killed Robin
  2447 | D:3      | Reached skill level 1 in Dodging
  2596 | D:3      | Gained mutation: Your casting is slightly disrupted. [Ru
                  | sacrifice]
  2617 | D:3      | Gained mutation: You have a pair of horns on your head.
                  | [demonic ancestry]
  2617 | D:3      | Reached XP level 5. HP: 41/42 MP: 5/7
  2713 | D:3      | Noticed Natasha
  2724 | D:3      | Killed Natasha
  2725 | D:3      | Reached skill level 3 in Invocations
  3007 | D:3      | Noticed Grinder
  3024 | D:3      | Paralysed by Grinder for 7 turns
  3033 | D:3      | Killed Grinder
  3034 | D:3      | Reached skill level 4 in Invocations
  3034 | D:3      | Reached XP level 6. HP: 10/49 MP: 7/9
  3493 | D:4      | Identified the +4 long sword of the Hungering Bear {vorpal,
                  | Dex+4}
  3560 | D:4      | Noticed Menkaure
  3566 | D:4      | Killed Menkaure
  3567 | D:4      | Gained mutation: You sometimes gain a little power by
                  | taking damage. [demonic ancestry]
  3567 | D:4      | Reached XP level 7. HP: 51/55 MP: 10/10
  3613 | D:4      | You fall into a shaft and drop 1 floor!
  3613 | D:5      | Entered Level 5 of the Dungeon
  3621 | D:5      | Identified the +4 rapier "Caipn" {chaos, rElec Dex+3}
  3773 | D:5      | Found a sand-covered staircase.
  3778 | Ossuary  | Entered an ossuary
  4004 | D:5      | Reached skill level 5 in Fighting
  4004 | D:5      | Reached skill level 5 in Invocations
  4189 | D:5      | Reached XP level 8. HP: 43/62 MP: 12/12
  4703 | D:5      | Found a large runed translucent door.
  4703 | D:5      | Found a large runed translucent door.
  4704 | D:5      | Found a shimmering altar of Xom.
  4803 | D:5      | Reached skill level 6 in Invocations
  5268 | D:6      | Reached skill level 5 in Axes
  5342 | D:6      | Found a staircase to the Ecumenical Temple.
  5543 | D:6      | Noticed Blork the orc
  5550 | D:6      | Killed Blork the orc
  5826 | D:7      | Identified a scroll of acquirement
  5827 | D:7      | Acquired 813 gold pieces
  5830 | D:7      | Gained mutation: You cannot be stealthy. [Ru sacrifice]
  5830 | D:7      | Reached ** piety under Ru
  5927 | D:7      | Reached skill level 7 in Invocations
  5927 | D:7      | Reached XP level 9. HP: 47/70 MP: 14/14
  6147 | D:7      | Noticed a kobold demonologist
  6162 | D:7      | Killed a kobold demonologist
  6287 | D:7      | Reached skill level 8 in Invocations
  6336 | D:7      | Identified the +3 ring mail of the End {Contam rElec rF+
                  | MP+9}
  6894 | D:7      | Reached skill level 5 in Shields
  6901 | D:7      | Reached skill level 5 in Armour
  7284 | D:7      | Noticed Joseph
  7596 | D:6      | Gained mutation: Spells you cast may paralyse nearby
                  | enemies. [demonic ancestry]
  7596 | D:6      | Reached XP level 10. HP: 35/79 MP: 16/16
  7918 | D:6      | Killed Joseph
  8204 | D:7      | Reached skill level 9 in Invocations
  9579 | D:4      | Found a hazy altar of Hepliaklqana.
  9726 | D:4      | Gained mutation: You cannot study or use magical devices.
                  | [Ru sacrifice]
  9726 | D:4      | Reached *** piety under Ru
  9726 | D:4      | Reached **** piety under Ru
  9726 | D:4      | Reached ***** piety under Ru
 11722 | D:8      | Reached skill level 10 in Invocations
 11895 | D:9      | Noticed a two-headed ogre
 11932 | D:9      | Killed a two-headed ogre
 11933 | D:9      | Reached skill level 5 in Dodging
 12251 | D:9      | Gained mutation: You are partially covered in icy blue
                  | scales. (AC +2) [demonic ancestry]
 12251 | D:9      | Reached XP level 11. HP: 79/87 MP: 18/18
 12503 | D:9      | Found a staircase to the Orcish Mines.
 12575 | D:9      | HP: 2/87 [troll zombie (4)]
 12697 | D:9      | Acquired a manual of Fighting
 12987 | D:9      | Found a runed translucent door.
 13731 | D:9      | Noticed siradein's ghost (journeyman DrBe)
 14137 | D:10     | Entered Level 10 of the Dungeon
 14140 | D:10     | Noticed a cyan ugly thing
 14179 | D:9      | HP: 4/89 [cyan ugly thing (17)]
 14582 | D:9      | Killed a cyan ugly thing
 15445 | D:10     | Noticed Fannar
 15485 | D:10     | Killed Fannar
 15709 | D:10     | Found a staircase to the Lair.
 15796 | D:10     | Reached skill level 11 in Invocations
 15913 | D:10     | Noticed a death yak
 15913 | D:10     | Noticed a death yak
 15914 | D:10     | Noticed a death yak
 15937 | D:10     | Killed a death yak
 15939 | D:10     | Killed a death yak
 15940 | D:10     | Reached skill level 10 in Fighting
 16081 | D:9      | Killed a death yak
 16971 | D:11     | Identified the +1 chain mail of Starshine {rC+ Str+4
                  | Stlth-}
 17356 | D:11     | Noticed a sixfirhy
 17897 | D:11     | Found an ancient bone altar of Kikubaaqudgha.
 17934 | D:11     | Noticed Urug
 17964 | D:11     | Killed Urug
 17965 | D:11     | Reached XP level 12. HP: 28/99 MP: 20/20
 18017 | D:11     | Reached skill level 12 in Invocations
 18356 | D:11     | Noticed a two-headed ogre
 18365 | D:11     | Killed a two-headed ogre
 18497 | D:11     | Noticed Josephine
 18522 | D:11     | Killed Josephine
 18825 | D:11     | Noticed a two-headed ogre
 18834 | D:11     | Killed a two-headed ogre
 19497 | D:12     | Gained mutation: You possess an exceptional clarity of
                  | mind. [potion of mutation]
 19497 | D:12     | Gained mutation: You are weak. (Str -2) [potion of
                  | mutation]
 19497 | D:12     | Gained mutation: Your body sometimes deteriorates upon
                  | taking damage. [potion of mutation]
 19497 | D:12     | Gained mutation: You have a pair of large horns on your
                  | head. [potion of mutation]
 19498 | D:12     | Lost mutation: You possess an exceptional clarity of mind.
                  | [potion of mutation]
 19498 | D:12     | Lost mutation: Your body sometimes deteriorates upon taking
                  | damage. [potion of mutation]
 19498 | D:12     | Lost mutation: You are weak. (Str -2) [potion of mutation]
 19498 | D:12     | Gained mutation: You have sharp toenails. [potion of
                  | mutation]
 19498 | D:12     | Gained mutation: You have a beak for a mouth. [potion of
                  | mutation]
 19498 | D:12     | Gained mutation: Your spells are a little harder to cast,
                  | but a little more powerful. [potion of mutation]
 19499 | D:12     | Lost mutation: You have a pair of large horns on your head.
                  | [potion of mutation]
 19499 | D:12     | Lost mutation: You have a beak for a mouth. [potion of
                  | mutation]
 19499 | D:12     | Lost mutation: Your spells are a little harder to cast, but
                  | a little more powerful. [potion of mutation]
 19499 | D:12     | Gained mutation: Potions are less effective at restoring
                  | your health. [potion of mutation]
 19499 | D:12     | Gained mutation: You sometimes lose the ability to read
                  | scrolls when taking damage. [potion of mutation]
 19500 | D:12     | Lost mutation: Potions are less effective at restoring your
                  | health. [potion of mutation]
 19500 | D:12     | Lost mutation: You have sharp toenails. [potion of
                  | mutation]
 19500 | D:12     | Gained mutation: You are frail. (-10% HP) [potion of
                  | mutation]
 19500 | D:12     | Gained mutation: Your system is resistant to poisons.
                  | (rPois) [potion of mutation]
 19548 | D:12     | Reached skill level 1 in Long Blades
 19832 | D:12     | Killed from afar by an electric eel

Illustrated notes

Levels and vault maps discovered:
D:1:      amcnicky_arrival_choice, layout_basic, basic_ecumenical_altar,
          chequers_serial_rivers_small_3, nicolae_figureground_sparkle
D:2:      minmay_razor_zed, layout_rooms, serial_forest,
          infiniplex_forest_clump_medium, infiniplex_forest_lined_4_way,
          infiniplex_forest_end_2, infiniplex_forest_zigzag_1,
          infiniplex_forest_corner_1, infiniplex_forest_lined_3_way,
          serial_shops, shop, patterned_corridor
D:3:      layout_loops_corners, uniq_grinder, uniq_natasha, uniq_robin
D:4:      layout_basic, mainiacjoe_overflow_chevrons, uniq_menkaure
D:5:      due_chaos_kobolds, layout_gridville, enter_ossuary_2,
          grunt_ministairs_5
D:6:      layout_gridville, minmay_temple_entry_trees, minmay_bent,
          uniq_blork_the_orc
D:7:      lemuel_castle_with_subvaults [lemuel_castle_interior_carwin_2],
          layout_basic, minmay_gold_behind_fungi, uniq_joseph
D:8:      layout_basic, lemuel_another_geyser
D:9:      layout_layer_cave, zombieorc2_lemuel, ebering_ghost_reflecting_pool,
          kennysheep_doodads
D:10:     layout_loops_ring, dpeg_lair_monsters, uniq_fannar
D:11:     layout_basic, kiku_gazebo_garden_becter, uniq_josephine, uniq_urug
D:12:     layout_basic, kennysheep_boxes

Skill      XL: |  1  2  3  4  5  6  7  8  9 10 11 12 |
---------------+-------------------------------------+-----
Axes           | 2 3 4 5 6 7 8 9 |  9.1
Invocations    | 1 2 4 5 7 8 10 11 12 | 12.6
Shields        | 3 4 5 6 7 |  7.0
Armour         | 3 4 5 6 |  6.9
Dodging        | 1 2 3 4 5 6 |  6.3
Fighting       | 4 5 6 7 8 10 11 | 11.7
Long Blades    | 1 |  1.3
Polearms       | |  0.3

Action                   |  1- 3 |  4- 6 |  7- 9 | 10-12 || total
-------------------------+-------+-------+-------+-------++-------
Melee: War axe           |   121 |       |       |       ||   121
       Headbutt          |     4 |    43 |    83 |   257 ||   387
       Spear             |       |   213 |   393 |   950 ||  1556
       Long sword        |       |     3 |    31 |   173 ||   207
Invok: Sacrifice Arcana  |     1 |       |       |       ||     1
       Sacrifice Essence |       |     1 |       |       ||     1
       Sacrifice Stealth |       |       |     1 |       ||     1
       Sacrifice Artific |       |       |       |     1 ||     1
       Apocalypse        |       |       |       |     3 ||     3
Evoke: Wand              |       |       |     2 |       ||     2
  Use: Scroll            |       |     5 |     9 |     8 ||    22
       Potion            |       |       |       |    13 ||    13
 Stab: Distracted        |       |       |     2 |     5 ||     7
       Invisible         |       |       |       |     4 ||     4
       Paralysed         |       |       |       |    14 ||    14
Armor: Ice dragon scales |    84 |    43 |   175 |   292 ||   594
       Scale mail        |     3 |       |       |       ||     3
       Chain mail        |       |       |       |    68 ||    68
Dodge: Dodged            |    57 |    48 |   130 |   422 ||   657
Block: Buckler           |    34 |    22 |   115 |   349 ||   520

Table legend: (Time is in decaauts)
 A = Elapsed time spent in this place.
 B = Non-inter-level travel time spent in this place.
 C = Inter-level travel time spent in this place.
 D = Time resting spent in this place.
 E = Time spent auto-exploring this place.
 F = Levels seen in this place.
 G = Mean time per level.
                   A        B        C        D        E       F      G
               +--------+--------+--------+--------+--------+-----+--------+
         Total |  19940 |  19405 |    535 |   4525 |  11043 |  13 | 1533.8 |
       Dungeon |  19772 |  19237 |    535 |   4525 |  10951 |  12 | 1647.7 |
       Ossuary |    168 |    168 |      0 |      0 |     92 |   1 |  168.0 |
               +--------+--------+--------+--------+--------+-----+--------+

Top non-repeatable levels by time:
     D:9: 3739 daAuts
     D:7: 3211 daAuts
    D:11: 1941 daAuts
     D:6: 1878 daAuts
     D:2: 1469 daAuts
     D:5: 1302 daAuts
     D:8: 1296 daAuts
     D:3: 1294 daAuts
    D:10: 1043 daAuts
    D:12: 977 daAuts
     D:4: 837 daAuts
     D:1: 780 daAuts
 Ossuary: 168 daAuts
